 Dungeon Crawl Stone Soup version 0.18-a0-1343-g48c8f86 (webtiles) character file.

78 M4edhros the Ruffian (level 4, 0/42 HPs)
             Began as a Minotaur Monk on Feb 16, 2016.
             Killed by divine providence
             ... invoked by an orc priest
              (9 damage)
             ... on level 4 of the Dungeon.
             The game lasted 00:03:02 (475 turns).

M4edhros the Ruffian (Minotaur Monk)                 Turns: 475, Time: 00:03:02

Health: 0/42       AC:  2    Str: 15    XL:     4   Next: 15%
Magic:  3/3        EV: 13    Int:  7    God:
Gold:   69         SH:  0    Dex: 14    Spells: 0 memorised, 3 levels left

rFire  . . .     SeeInvis .       - Unarmed
rCold  . . .     Gourm    .     a - +0 robe
rNeg   + . .     Faith    .     (no shield)
rPois  .         Spirit   .     (helmet restricted)
rElec  .         Dismiss  .     (no cloak)
rCorr  .         Reflect  .     (no gloves)
SustAt .         Harm     .     (no boots)
MR     .....                    (no amulet)
Stlth  ++........               (no ring)
                                i - ring of positive energy

@: not resistant to hostile enchantments, unstealthy
A: retaliatory headbutt, horns 2
a: no special abilities


You were on level 4 of the Dungeon.
You were not hungry.

You visited 1 branch of the dungeon, and saw 4 of its levels.

You collected 69 gold pieces.

Inventory:

Missiles
 d - 3 javelins (quivered)
Armour
 a - a +0 robe (worn)
Jewellery
 i - a ring of positive energy (left hand)
 k - an uncursed ring of sustain attributes {unknown}
Scrolls
 j - a scroll of magic mapping {unknown}
Potions
 e - a potion of might {unknown}
 g - a potion of flight {unknown}
Comestibles
 b - a bread ration


   Skills:
 + Level 5.0 Fighting
 - Level 3.2 Dodging
 - Level 1.5 Stealth
 + Level 5.3 Unarmed Combat


You had 3 spell levels left.
You didn't know any spells.

Dungeon Overview and Level Annotations

Branches:
Dungeon (3/15)

Altars:
Trog


Innate Abilities, Weirdness & Mutations

You reflexively headbutt those who attack you in melee.
You have a pair of horns on your head.


Message History

The orc shouts!
The orc priest shouts!
The orc shouts!
The orc priest calls down the wrath of Beogh upon you.
Something smites you!
* * * LOW HITPOINT WARNING * * *
An orc comes into view.
There is an open door here.
Drink which item? (? for menu, Esc to quit)
Okay, then.
Read which item? (? for menu, Esc to quit)
As you read the scroll labeled LACLIK NIAHUAFASA, it crumbles to dust.
You feel blessed for a moment.
It was a scroll of remove curse.
Read which item? (? for menu, Esc to quit)
As you read the scroll labeled HIOQIH CYSE, it crumbles to dust.
The scroll dissolves into smoke.
It was a scroll of fog.
You open the door.
A jackal comes into view.
A jackal comes into view.
The orc priest invokes the aid of Beogh against you.
Something smites you!
You die...

#........... #...o.......
#.o.........
###############...........
#............##.o.........
#............##.o.§o§.....
#............######o#
#.†........oo.o.§.§§#
#########@#########§# #.#
#§# ... ..# ##.## ... #.#
.... #.# ..... #h# #.....
#h#


You could see an orc priest, 2 orcs and 2 jackals.

Vanquished Creatures
  A hound (D:4)
  An adder (D:3)
  An ooze (D:1)
  2 worms (D:2)
  4 bats
  2 giant cockroaches
  3 goblins (D:2)
  3 hobgoblins
  3 jackals (D:1)
  2 giant newts (D:2)
  A kobold (D:1)
  4 rats
27 creatures vanquished.

Notes
Turn   | Place    | Note
--------------------------------------------------------------
     0 | D:1      | M4edhros the Minotaur Monk began the quest for the Orb.
     0 | D:1      | Reached XP level 1. HP: 19/19 MP: 0/0
   156 | D:1      | Reached XP level 2. HP: 22/27 MP: 1/1
   339 | D:2      | Found a bloodstained altar of Trog.
   343 | D:2      | Reached skill level 5 in Unarmed Combat
   350 | D:2      | Reached XP level 3. HP: 14/34 MP: 2/2
   434 | D:3      | You fall through a shaft!
   439 | D:4      | Reached skill level 5 in Fighting
   439 | D:4      | Reached XP level 4. HP: 12/42 MP: 3/3
   475 | D:4      | Killed from afar by an orc priest

Vault maps used:
D:1:      tarquinn_simple_flora_water_f, minmay_crystal_water, solitary_fountain
D:2:      kennysheep_six_static_rooms, overflow_temple_1_default
D:3:      first_bread
D:4:      kennysheep_pointless_box

Action                   |  1- 3 |  4- 6 || total
-------------------------+-------+-------++-------
Melee: Unarmed           |    48 |       ||    48
  Use: Potion            |     1 |       ||     1
       Scroll            |       |     2 ||     2
 Stab: Sleeping          |     4 |       ||     4
